 Dungeon Crawl Stone Soup version 0.19.4-9-g45fd643 (webtiles) character file.

176 LORDOFBUTT the Sneak (level 5, -1/24 HPs)
             Began as a Spriggan Enchanter on Feb 21, 2017.
             Slain by a river rat (5 damage)
             ... on level 3 of the Dungeon.
             The game lasted 00:02:30 (2063 turns).

LORDOFBUTT the Sneak (Spriggan Enchanter)           Turns: 2063, Time: 00:02:31

Health: -1/24      AC:  3    Str:  5      XL:     5   Next: 30%
Magic:  13/13      EV: 18    Int: 15 (16) God:
Gold:   120        SH:  0    Dex: 18 (21) Spells: 1 memorised, 12 levels left

rFire  . . .     SeeInvis +     h - +1 dagger (venom)
rCold  . . .     Gourm    .     b - +1 robe
rNeg   . . .     Faith    .     (shield restricted)
rPois  .         Spirit   .     (helmet restricted)
rElec  .         Reflect  .     (no cloak)
rCorr  .         Harm     .     (gloves unavailable)
MR     .....                    (boots unavailable)
Stlth  ++........               (no amulet)
                                (no ring)
                                r - +4 ring of dexterity

@: very quick
A: unfitting armour, see invisible, herbivore 3, speed 3, slow metabolism 2
a: no special abilities


You were on level 3 of the Dungeon.
You were not hungry.

You visited 1 branch of the dungeon, and saw 3 of its levels.

You collected 120 gold pieces.

Inventory:

Hand Weapons
 h - a +1 dagger of venom (weapon)
Armour
 b - a +1 robe (worn)
Jewellery
 r - a +4 ring of dexterity (left hand)
Scrolls
 a - 2 scrolls of enchant weapon {unknown}
 e - a scroll of identify {unknown}
 f - 3 scrolls of magic mapping {unknown}
 i - 2 scrolls of immolation {unknown}
 k - a scroll of remove curse {unknown}
 l - a scroll of fog {unknown}
 n - 3 scrolls of noise {unknown}
 q - a scroll of teleportation {unknown}
 s - a scroll of random uselessness {unknown}
Potions
 m - a potion of degeneration
Books
 c - a book of Maledictions

   Spells                             Type                      Level
   a - Corona                         Hexes                        1
   b - Ensorcelled Hibernation        Hexes/Ice                    2
   c - Confuse                        Hexes                        3
   d - Tukima's Dance                 Hexes                        3
   e - Dazzling Spray                 Conjuration/Hexes            3
Comestibles
 d - 4 bread rations
 g - 2 slices of pizza
 p - 2 fruits


   Skills:
 - Level 1.1 Short Blades
 - Level 3.0 Dodging
 + Level 5.9 Stealth
 * Level 4.8 Spellcasting
 * Level 5.2 Hexes


You had 12 spell levels left.
You knew the following spells:

 Your Spells              Type           Power        Failure   Level  Hunger
a - Corona                Hex            ###....      1%          1    None


Dungeon Overview and Level Annotations

Branches:
Dungeon (3/15)

Altars:
Qazlal


Innate Abilities, Weirdness & Mutations

You are very small and have problems with some larger weapons.
You are too small for most types of armour.
You have supernaturally acute eyesight. (SInv)
You are a herbivore.
You cover ground extremely quickly.
You need consume almost no food.


Message History

There are monsters nearby!
You enter the shallow water.
Moving in this stuff is going to be slow.
A rat comes into view.
The helpless river rat fails to defend itself.
You impale the river rat!!
You kill the river rat!
You enter the shallow water.
Moving in this stuff is going to be slow.
The river rat bites you!
* * * LOW HITPOINT WARNING * * *
You are too injured to fight recklessly!
You are too injured to fight recklessly!
Your unstable footing causes you to fumble your attack.
The giant cockroach completely misses you.
Your unstable footing causes you to fumble your attack.
The giant cockroach closely misses you.
You barely miss the giant cockroach. The giant cockroach misses you.
The river rat bites you.
You die...

#.# #.#
######.#
#......#
###.####.#
#........#
#.....≈.≈#
#...≈≈..≈#
#..≈rr@s≈#
#...r##+##
#..≈≈
#.≈≈≈
#...≈
#####


You could see a river rat, a giant cockroach and 2 rats.

Vanquished Creatures
  An ogre (D:3)
  An adder (D:3)
  A river rat (D:3)
  3 dart slugs (D:1)
  4 leopard geckos
  4 orcs (D:3)
  4 giant cockroaches (D:1)
  8 goblins
  6 hobgoblins
  4 jackals
  A ball python (D:1)
  7 bats
  3 frilled lizards
  4 kobolds
  3 rats
54 creatures vanquished.

Notes
Turn   | Place    | Note
-------+----------+-------------------------------------------
     0 | D:1      | LORDOFBUTT the Spriggan Enchanter began the quest for the Orb.
     0 | D:1      | Reached XP level 1. HP: 9/9 MP: 5/5
   434 | D:1      | Reached XP level 2. HP: 13/13 MP: 6/6
   793 | D:1      | Reached XP level 3. HP: 10/16 MP: 9/9
   814 | D:1      | Reached skill level 5 in Stealth
  1303 | D:2      | Found a stormy altar of Qazlal.
  1805 | D:3      | Reached XP level 4. HP: 15/21 MP: 11/11
  1995 | D:3      | Noticed an ogre
  2018 | D:3      | Killed an ogre
  2018 | D:3      | Reached skill level 5 in Hexes
  2018 | D:3      | Reached XP level 5. HP: 10/24 MP: 13/13
  2063 | D:3      | Slain by a river rat

Skill      XL: |  1  2  3  4 |
---------------+-------------+-----
Hexes          | 4 5 |  5.2
Spellcasting   | 3 4 |  4.8
Stealth        | 5 |  5.9
Short Blades   | |  1.1
Dodging        | |  3.0

Action                   |  1- 3 |  4- 6 || total
-------------------------+-------+-------++-------
Melee: Dagger            |   135 |    26 ||   161
  Use: Potion            |       |     4 ||     4
 Stab: Sleeping          |    10 |     2 ||    12
Armor: Robe              |    20 |     3 ||    23
Dodge: Dodged            |   106 |    18 ||   124
